AoeStats
← HenryDxebec

Arena

509445493Analyzed
1v1 RM · 4d ago on Sep 26, 2026· 96m 43s· 2 players
Game mode
Random Map
Map size
Tiny (2 player)
Population
200
Speed
Normal
Resources
Standard
Victory
Conquest
Starting age
Dark Age
Ending age
Imperial Age
RankedLock teamsTeams togetherTeam positionsShared explorationLock speedFull tech treeHidden civsTurbo modeCheats
Victory
Defeat
🇨🇱 Teutons · Chile
669
+16
🇺🇸 Goths · United States
678
-16
HenryDxebec
9:56 Feudal Age
10:24 Double-Bit Axe
10:21 Horse Collar
15:49 Gold Mining
18:57 Castle Age
17:15 Stone Mining
20:47 Bow Saw
21:26 Wheelbarrow
21:45 Stone Shaft Mining
25:04 Heavy Plow
27:20 Hand Cart
29:03 Bloodlines
33:09 Imperial Age
31:04 Forging
30:55 Padded Archer Armor
33:18 Scale Mail Armor
33:54 Iron Casting
32:46 Pikeman
33:27 Squires
33:17 Heavy Scorpion
34:24 Conscription
34:26 Crenellations
35:07 Leather Archer Armor
35:56 Two-Man Saw
35:28 Crop Rotation
34:28 Halberdier
34:54 Arson
36:31 Chemistry
35:22 Heated Shot
35:52 Ballistics
35:11 Cavalier
35:56 Elite Teutonic Knight
37:48 Ring Archer Armor
38:19 Blast Furnace
37:34 Chain Mail Armor
37:10 Fletching
41:30 Paladin
44:25 Scale Barding Armor
48:11 Ironclad
61:03 Elite Skirmisher
kingster
1:17 Loom
10:10 Feudal Age
11:29 Wheelbarrow
10:54 Double-Bit Axe
19:06 Gold Mining
19:13 Stone Mining
21:30 Castle Age
22:28 Horse Collar
23:00 Bow Saw
23:47 Stone Shaft Mining
26:16 Man-at-Arms
26:17 Pikeman
26:58 Squires
28:37 Scale Mail Armor
30:41 Gold Mining
31:34 Wheelbarrow
31:33 Long Swordsman
34:08 Hand Cart
34:06 Anarchy
35:08 Forging
35:14 Chain Mail Armor
38:16 Imperial Age
38:28 Iron Casting
38:33 Two-Handed Swordsman
38:37 Elite Huskarl
39:41 Conscription
39:23 Perfusion
38:45 Elite Huskarl
40:47 Blast Furnace
40:14 Champion
41:08 Halberdier
53:19 Elite Huskarl
54:15 Perfusion
64:03 Ballistics
67:43 Heavy Scorpion
Connection lost

Rejoining the realm…

Still unreachable

The connection could not be restored.

Session expired

The server has moved on; the page needs a fresh start.